 Dungeon Crawl Stone Soup version 0.31-a0-233-g139696dc86 (webtiles) character file.

Game seed: 16941616224256982730

3938 Decritt the Fighter (level 10, -8/68 HPs)
             Began as a Gargoyle Fighter on July 8, 2023.
             Was a Believer of Ru.
             Collided with a rock wall (12 damage)
             ... caused by a wretched star
             ... on level 1 of the Abyss.
             The game lasted 00:18:59 (7727 turns).

Decritt the Fighter (Gargoyle Fighter)              Turns: 7727, Time: 00:18:59

Health: -8/68      AC: 33    Str: 24    XL:     10   Next: 21%
Magic:  10/10      EV: 10    Int:  9    God:    Ru [**....]
Gold:   172        SH: 10    Dex:  9    Spells: 9/9 levels left

rFire   . . .        a - +0 war axe (protect)
rCold   . . .        l - +1 kite shield
rNeg    + . .        h - +1 plate armour
rPois   ∞            b - +0 helmet
rElec   +            z - +1 cloak of Starlight {*Dazzle EV+4 Stlth--}
rCorr   .            (no gloves)
SInv    +            A - +0 pair of boots
Will    .....        (no amulet) Stlth
                     n - ring of see invisible
HPRegen 0.31/turn    q - +4 ring of slaying
MPRegen 0.12/turn

%: no passive effects
@: under a protective aura, silenced
A: sickness immunity, AC +7, negative energy resistance 1, electricity
resistance, torment resistance 1, petrification resistance, inability to use
devices, [subdued magic 2]
a: Renounce Religion


You were on level 1 of the Abyss.
You worshipped Ru.
Ru was pleased with you.
You visited 2 branches of the dungeon, and saw 9 of its levels.
You visited the Abyss 1 time.

You collected 599 gold pieces.
You spent 427 gold pieces at shops.

Inventory:

Hand Weapons
 a - a +0 war axe of protection (weapon)
Armour
 b - a +0 helmet (worn)
 h - a +1 plate armour (worn)
 l - a +1 kite shield (worn)
 y - a +2 cloak of willpower
 z - the +1 cloak of Starlight (worn) {*Dazzle EV+4 Stlth--}
   (You bought it in a shop on level 2 of the Dungeon)

   *Dazzle:   It may blind those who miss an attack against the wearer in melee
   combat.
   EV:        It affects your evasion (+4).
   Stlth:     It makes you much less stealthy.
 A - a +0 pair of boots (worn)
Jewellery
 n - a ring of see invisible (left hand)
 q - a +4 ring of slaying (right hand)
 s - a ring of fire
 x - a ring of willpower
Scrolls
 o - a scroll of silence {unknown}
 r - a scroll of fog
 t - a scroll of vulnerability {unknown}
 v - a scroll of acquirement {unknown}
 B - a scroll of revelation {unknown}
Potions
 c - a potion of ambrosia {unknown}
 d - 4 potions of might
 e - 3 potions of haste
 f - a potion of attraction {unknown}
 g - 2 potions of mutation
 i - a potion of curing
 j - a potion of resistance {unknown}
 k - 2 potions of enlightenment
 m - 2 potions of lignification
 p - a potion of magic {unknown}
 u - 2 potions of degeneration {unknown}


   Skills:
 * Level 9.9 Fighting
 * Level 7.9 Axes
 + Level 7.1 Armour
 + Level 7.1 Shields


You had 9 spell levels left.
You didn't know any spells.
Your spell library contained the following spells:

 Spells                   Type           Power      Damage    Failure   Level
 Beastly Appendage        Tmut           0%         N/A       100%        1
 Sandblast                Erth           0%         2d4       100%        1
 Passwall                 Tmut/Erth      0%         N/A       100%        2
 Wereblood                Tmut           0%         N/A       100%        2
 Ozocubu's Armour         Ice            0%         N/A       100%        3
 Spider Form              Tmut/Pois      0%         N/A       100%        3
 Stone Arrow              Conj/Erth      0%         3d7       100%        3
 Tukima's Dance           Hex            0%         N/A       100%        3
 Passage of Golubria      Tloc           0%         N/A       100%        4
 Yara's Violent Unravell  Hex/Tmut       0%         3d3       100%        5
 Ozocubu's Refrigeration  Ice            0%         4d7       100%        7


Dungeon Overview and Level Annotations

Branches:
Dungeon (8/15)             Temple (1/1) D:5
   Lair: D:8-11

Altars:
Ashenzari
Dithmenos
Elyvilon
Fedhas
Gozag
Kikubaaqudgha
Makhleb
Nemelex Xobeh
Qazlal
Ru
Sif Muna
Trog
Uskayaw
Vehumet
Wu Jian
Xom

Shops:
D:2 [

Annotations:
D:7 Psyche
D:8 2 transporters, niknal's ghost, novice OpTm


Innate Abilities, Weirdness & Mutations

You are immune to sickness and miasma.
Your stone body is resilient. (AC +7)
You are immune to poison.
You resist negative energy. (rN+)
You are resistant to electric shocks. (rElec)
You are resistant to unholy torment.
You are immune to petrification.
You cannot study or use magical devices.
[Your spells are easier to cast, but less powerful.]


Message History

This branch contains the abyssal rune of Zot.
Okay, then.
Okay, then.
You start resting.
An Executioner comes into view.
A wretched star comes into view.
The wretched star glows turbulently.
The lance of force hits you!
* * * LOW HITPOINT WARNING * * *
You are knocked back by the lance of force.
You focus your inner power and illuminate the wretched star in retribution!
A silent spectre comes into view.
The wretched star pulses with an eldritch light!
Your connection to magic feels subdued.
Your connection to magic feels more subdued.
Magic scrolls do not work when you're silenced!
Unknown command.
The wretched star stops glowing.
You closely miss the silent spectre. The silent spectre hits you!
* * * LOW HITPOINT WARNING * * *
You closely miss the silent spectre.
The silent spectre hits you but does no damage.
You slash the silent spectre!
Your weapon exudes an aura of protection.
The silent spectre is moderately damaged.
You barely miss the wretched star. The silent spectre hits you!
* * * LOW HITPOINT WARNING * * *
You barely miss the silent spectre.
The silent spectre is moderately damaged.
You slash the wretched star!
The silent spectre hits you but does no damage.
You hit the silent spectre but do no damage.
The silent spectre is moderately damaged.
You closely miss the wretched star. You block the silent spectre's attack.
The wretched star glows turbulently.
The lance of force hits you!
* * * LOW HITPOINT WARNING * * *
You are knocked back by the lance of force.
You slam into the rock wall!
You die...

.# #.. #.. ..
## #..#.###.###
#......*.#
#.....####@# .#
#.. .. .##W# ##
.
....#.........#
. #.# .##.##
..# #
..........# ..
# ..##... ...
## .#.# ......
#.. #.##...
..#.... ..


You could see a wretched star (unsilenced) and a silent spectre (silencing).

Vanquished Creatures
  Erica (D:8)
  A two-headed ogre (D:8)
  A hornet (D:8)
  A steam dragon (D:7)
  2 acid dragons
  An orc warrior (D:6)
  2 black bears (D:6)
  2 ice beasts
  2 sky beasts (D:6)
  4 centaurs
  4 ogres
  A phantom (D:6)
  3 bullfrogs
  A scorpion (D:7)
  2 howler monkeys
  An electric eel (D:7)
  A jelly (D:7)
  Crazy Yiuf (D:6)
  2 orc priests
  3 hounds
  An iguana (D:4)
  3 orc wizards
  A sleepcap (D:7)
  5 gnolls
  11 adders
  A white imp (D:6)
  An ufetubus (D:6)
  2 worms (D:2)
  12 orcs
  7 ball pythons
  8 endoplasms
  2 giant cockroaches (D:4)
  7 goblins
  6 hobgoblins
  2 jackals (D:1)
  4 kobolds
  2 quokkas
  5 bats
  5 frilled lizards
  5 rats
126 creatures vanquished.

Vanquished Creatures (others)
  An acid dragon (D:8)
  2 orcs (D:7)
3 creatures vanquished.

Grand Total: 129 creatures vanquished

Notes
Turn   | Place    | Note
-------+----------+-------------------------------------------
     0 | D:1      | Decritt the Gargoyle Fighter began the quest for the Orb.
     0 | D:1      | Reached XP level 1. HP: 14/14 MP: 1/1
   426 | D:1      | Reached XP level 2. HP: 19/19 MP: 2/2
  1025 | D:2      | Reached XP level 3. HP: 24/24 MP: 3/3
  1187 | D:2      | Found Buulej's Armour Shoppe.
  1361 | D:2      | Reached skill level 4 in Fighting
  1439 | D:2      | Reached XP level 4. HP: 28/29 MP: 4/4
  1582 | D:3      | Found a burning altar of Makhleb.
  2128 | D:3      | Reached XP level 5. HP: 34/34 MP: 5/5
  2310 | D:4      | Found a hide-covered altar of Uskayaw.
  2750 | D:5      | Entered Level 5 of the Dungeon
  2829 | D:5      | Noticed an ogre
  2860 | D:4      | Reached skill level 5 in Fighting
  2860 | D:4      | Reached XP level 6. HP: 32/40 MP: 6/6
  3079 | D:5      | Reached XP level 7. HP: 44/44 MP: 7/7
  3305 | D:5      | Found an opulent altar of Gozag.
  3411 | D:5      | Found a faded altar of an unknown god.
  3423 | D:5      | Found a staircase to the Ecumenical Temple.
  3430 | Temple   | Entered the Ecumenical Temple
  3518 | Temple   | Became a worshipper of Ru the Awakened
  3603 | D:5      | Found an ornate altar of the Wu Jian Council.
  3624 | D:5      | Reached skill level 6 in Fighting
  4358 | D:6      | Identified the +0 leather armour of the Centipede {rN+}
  4591 | D:6      | Reached skill level 5 in Shields
  4666 | D:6      | Reached XP level 8. HP: 52/52 MP: 8/8
  4674 | D:6      | Reached skill level 5 in Axes
  4674 | D:6      | Reached skill level 5 in Armour
  4742 | D:6      | Reached skill level 7 in Fighting
  5465 | D:6      | Found a runed translucent door.
  5466 | D:6      | Noticed Crazy Yiuf
  5473 | D:6      | Killed Crazy Yiuf
  5569 | D:7      | Gained mutation: You cannot study or use magical devices.
                  | [Ru sacrifice]
  5569 | D:7      | Reached * piety under Ru
  5569 | D:7      | Reached ** piety under Ru
  5586 | D:7      | Reached XP level 9. HP: 33/59 MP: 9/9
  5683 | D:7      | Reached skill level 8 in Fighting
  5751 | D:7      | Found a sparkling altar of Nemelex Xobeh.
  5914 | D:2      | Bought the +1 cloak of Starlight {*Dazzle EV+4 Stlth--} for
                  | 427 gold pieces
  5914 | D:2      | Found the +1 cloak of Starlight {*Dazzle EV+4 Stlth--}
  6537 | D:7      | Found a white marble altar of Elyvilon.
  6583 | D:8      | Noticed a hornet
  6596 | D:8      | Killed a hornet
  6901 | D:8      | Noticed niknal's ghost (novice OpTm)
  6902 | D:8      | Found a transporter.
  6912 | D:8      | Noticed a two-headed ogre
  6927 | D:8      | Killed a two-headed ogre
  6928 | D:8      | Reached skill level 9 in Fighting
  7089 | D:8      | Noticed a moth of wrath
  7108 | D:8      | Found a transporter.
  7178 | D:8      | Noticed Erica
  7335 | D:8      | Killed Erica
  7336 | D:8      | Reached XP level 10. HP: 68/68 MP: 10/10
  7355 | D:8      | Noticed Psyche
  7625 | Abyss:1  | Cast into level 1 of the Abyss (Psyche)
  7713 | Abyss:1  | Noticed an Executioner
  7718 | Abyss:1  | Noticed a wretched star
  7727 | Abyss:1  | Collided with a rock wall

Illustrated notes

Levels and vault maps discovered:
D:1:      dpeg_arrival_three_bigger_balls, layout_loops_ring
D:2:      layout_basic, serial_shops, shop_fountains
D:3:      layout_basic, bloody_makhleb, serial_bayou_ford_a
D:4:      layout_rooms, eat_drink_and_be_merry_uskayaw,
          nicolae_kite_square_tiling_tiny
D:5:      layout_basic, nzn_wu_jian_council_hall, mainiacjoe_overflow_catwalk,
          nicolae_temple_entry_ecumenical
D:6:      layout_loops_corners, kennysheep_diamond, nicolae_titane,
          uniq_crazy_yiuf_cottage
D:7:      layout_loops_cross, kennysheep_mini, amcnicky_altar_gilded,
          nicolae_lava_and_water
D:8:      layout_basic, gammafunk_ghost_berserking_beasts, uniq_erica,
          uniq_psyche
Temple:   nicolae_temple_bog_church
Abyss:1:  base:
D:7

Skill      XL: |  1  2  3  4  5  6  7  8  9 |
---------------+----------------------------+-----
Axes           | 2 3 4 6 7 |  7.9
Fighting       | 4 5 6 7 9 |  9.9
Shields        | 4 5 7 |  7.1
Armour         | 4 5 7 |  7.1

Action                     |  1- 3 |  4- 6 |  7- 9 | 10-12 || total
---------------------------+-------+-------+-------+-------++-------
  Melee: War axe           |   117 |   160 |   227 |    15 ||   519
         Battleaxe         |       |     9 |       |       ||     9
 Invoke: Sacrifice Artific |       |       |     1 |       ||     1
    Use: Scroll            |       |     7 |     5 |       ||    12
         Potion            |       |       |     1 |       ||     1
   Stab: Invisible         |       |       |     4 |       ||     4
 Armour: Scale mail        |    14 |       |       |       ||    14
         Plate armour      |    63 |   122 |   181 |    12 ||   378
         Skin              |       |       |       |     2 ||     2
  Dodge: Dodged            |    25 |    55 |    97 |    13 ||   190
  Block: Buckler           |    13 |       |       |       ||    13
         Kite shield       |    30 |    89 |   129 |     6 ||   254

Table legend: (Time is in decaauts)
 A = Elapsed time spent in this place.
 B = Non-inter-level travel time spent in this place.
 C = Inter-level travel time spent in this place.
 D = Time resting spent in this place.
 E = Time spent auto-exploring this place.
 F = Levels seen in this place.
 G = Mean time per level.
                   A        B        C        D        E       F      G
               +--------+--------+--------+--------+--------+-----+--------+
         Total |   7945 |   7544 |    401 |    958 |   4972 |  10 |  794.5 |
       Dungeon |   7735 |   7351 |    384 |    879 |   4897 |   8 |  966.9 |
        Temple |    107 |     90 |     17 |      0 |     75 |   1 |  107.0 |
         Abyss |    102 |    102 |      0 |     79 |      0 |   1 |  102.0 |
               +--------+--------+--------+--------+--------+-----+--------+

Top non-repeatable levels by time:
     D:5: 1397 daAuts
     D:6: 1361 daAuts
     D:7: 1354 daAuts
     D:1: 903 daAuts
     D:3: 771 daAuts
     D:2: 714 daAuts
     D:4: 684 daAuts
     D:8: 548 daAuts
  Temple: 107 daAuts
 Abyss:1: 102 daAuts
